 Dungeon Crawl Stone Soup version 0.28-a0-1567-g1695149f81 (webtiles) character file.

Game seed: 17978859366866937493

63644 porpoise the Warrior (level 15, -19/126 HPs)
             Began as a Djinni Conjurer on Jan 18, 2022.
             Was a Priest of Ashenzari.
             Shot with an arrow by a centaur warrior (21 damage)
             ... on level 14 of the Dungeon on Jan 20, 2022.
             The game lasted 02:14:43 (28840 turns).

porpoise the Warrior (Djinni Conjurer)             Turns: 28840, Time: 02:14:48

Health: -19/126    AC: 13    Str: 10    XL:     15   Next: 51%
Gold:   1361       EV: 16    Int: 21    God:    Ashenzari [***...] SH:  7 Dex: 14

rFire   + + .      SeeInvis +   b - +1 hunting sling (venom)
rCold   x . .      Faith    .   u - +2 buckler "Skepticism of Ashenzari" {Cun, Range} (curse)
rNeg    . . .      Spirit   .   N - +0 troll leather armour
rPois   ∞          Reflect  .   A - +2 hat of the Mantic Morality {Evo, Self} (curse)
rElec   .          Harm     .   C - +1 cloak "Overhang to Understand" {Stlth+, Cun, Evo} (curse)
rCorr   .          Rampage  .   k - +2 pair of gloves "Gaze Upon Infinity" {Range, Cun} (curse)
Will    ++...      Clarity  +   (boots unavailable)
Stlth   +++++.....              s - amulet of the Sky {Regen+, Self, Cun} (curse)
HPRegen 1.91/turn               n - ring of willpower
MPRegen 0.00/turn               (no ring)

@: flying
A: sickness immunity, fire resistance 2, cold vulnerability 1, float, innate
caster, hp casting, extra vitality 1
a: Renounce Religion, Curse Item, Shatter the Chains


You were on level 14 of the Dungeon.
You worshipped Ashenzari.
Ashenzari was most pleased with you.
You visited 4 branches of the dungeon, and saw 21 of its levels.

You collected 1590 gold pieces.
You spent 229 gold pieces at shops.

Inventory:

Hand Weapons
 b - a +1 hunting sling of venom (weapon)
 w - the +9 staff of Olgreb {rPois∞}
   (You found it on level 8 of the Dungeon)

   If the wielder is skilled in Evocations, they can envenom those struck by it,
   dealing poison damage which bypasses armour.
   It enhances your poison magic.
   It grants immunity to poison.
   It can be evoked to radiate toxic energy, with effectiveness depending on
   Evocations skill.
 x - the +7 trident of Kismet {flame, Dex+4}
   (You found it on level 13 of the Dungeon)

   It burns those it strikes, dealing additional fire damage.
   Dex:       It affects your dexterity (+4).
Missiles
 f - 50 stones (quivered ammo)
 i - 148 arrows
 E - 2 curare-tipped darts
 J - 84 sling bullets
Armour
 d - a +0 pair of gloves
 k - the cursed +2 pair of gloves "Gaze Upon Infinity" (worn) {Range, Cun}
   (You found it on level 1 of the Dungeon)

   It has a curse which improves the following skills: Ranged Combat: Slings,
   Bows, Crossbows and Throwing.
   Cunning:   Dodging and Stealth.
 u - the cursed +2 buckler "Skepticism of Ashenzari" (worn) {Cun, Range}
   (You found it on level 3 of the Lair of Beasts)

   It has a curse which improves the following skills: Cunning: Dodging and
   Stealth.
   Ranged Combat: Slings, Bows, Crossbows and Throwing.
 A - the cursed +2 hat of the Mantic Morality (worn) {Evo, Self}
   (You found it on level 7 of the Dungeon)

   It has a curse which improves the following skills: Evocations: Evocations.
   Introspection: Fighting and Spellcasting.
 C - the cursed +1 cloak "Overhang to Understand" (worn) {Stlth+, Cun, Evo}
   (You took it off Crazy Yiuf on level 7 of the Dungeon)

   It has a curse which improves the following skills: Cunning: Dodging and
   Stealth.
   Evocations: Evocations.
 N - a +0 troll leather armour (worn)
Magical Staves
 a - a staff of conjuration
Jewellery
 n - a ring of willpower (left hand)
 p - a ring of resist corrosion
 s - the cursed amulet of the Sky (around neck) {Regen+, Self, Cun}
   (You found it on level 3 of the Lair of Beasts)

   [amulet of regeneration]

   Regen:     It increases your rate of health regeneration.
   It has a curse which improves the following skills: Introspection: Fighting
   and Spellcasting.
   Cunning:   Dodging and Stealth.
Wands
 g - a wand of flame (35)
 h - a wand of charming (5)
 r - a wand of mindburst (11)
 D - a wand of acid (4)
 F - a wand of paralysis (5)
 K - a wand of iceblast (7)
 M - a wand of digging (5)
Scrolls
 o - a scroll of immolation
 q - a scroll of vulnerability
 v - 7 scrolls of teleportation
 z - a scroll of holy word
 H - a scroll of fog
 O - a scroll of blinking
 P - 4 scrolls of silence
Potions
 e - 9 potions of heal wounds
 j - 4 potions of haste
 l - a potion of might
 m - 12 potions of curing
 t - a potion of berserk rage
 B - 2 potions of ambrosia
 G - a potion of lignification
 I - 2 potions of brilliance
 L - 2 potions of attraction
Miscellaneous
 c - a phantom mirror


   Skills:
 - Level 15.6(18.0) Fighting
 - Level 3.2(5.3) Slings
 * Level 7.5 Armour
 - Level 8.0(12.0) Dodging
 + Level 6.6(10.5) Stealth
 * Level 6.2 Shields
 - Level 11.6(14.0) Spellcasting
 - Level 6.5(9.0) Evocations


You had 3 spell levels left.
You knew the following spells:

 Your Spells              Type           Power      Damage    Failure   Level
a - Magic Dart            Conj           100%       1d8       1%          1
b - Searing Ray           Conj           100%       2d8       1%          2
c - Fulminant Prism       Conj/Hex       32%        3d16      1%          4
d - Iskenderun's Mystic   Conj/Tloc      65%        2d13      1%          4
e - Summon Mana Viper     Hex/Summ       65%        N/A       1%          5
f - Fireball              Conj/Fire      32%        3d14      1%          5
g - Wereblood             Tmut           65%        N/A       1%          2
h - Ensorcelled Hibernat  Hex/Ice        100%       N/A       1%          2
l - Death Channel         Necr           32%        N/A       3%          6
n - Animate Dead          Necr           32%        N/A       1%          4
s - Summon Small Mammal   Summ           100%       N/A       1%          1
z - Dazzling Flash        Conj/Hex       100%       N/A       1%          3
Your spell library was empty.

Dungeon Overview and Level Annotations

Branches:
Dungeon (14/15)            Temple (1/1) D:7            Lair (5/6) D:11
  Swamp (0/4) Lair:3       Spider (0/4) Lair:4          Orc (1/2) D:9
  Slime: Lair:5-6    Vaults: D:13-14

Altars:
Ashenzari
Cheibriados
Dithmenos
Elyvilon
Fedhas
Gozag
Hepliaklqana
Kikubaaqudgha
Makhleb
Nemelex Xobeh
Okawaru
Qazlal
Ru
Sif Muna
Trog
Uskayaw
Vehumet
Wu Jian
Xom
Yredelemnul
Zin
The Shining One

Shops:
D:4 (   D:5 [   D:8 !   D:13 [=*:

Annotations:
D:5 1 runed translucent door, psuckher's ghost, weakling BaDe
D:8 1 runed translucent door
D:10 2 transporters, exclusion: oklob plant, dolemite99's ghost, journeyman HOFi


Innate Abilities, Weirdness & Mutations

You are immune to sickness and miasma.
You are immune to poison.
Your flesh is very heat resistant. (rF++)
You are vulnerable to cold. (rC-)
You float through the air rather than walking.
You learn spells naturally, not from books.
Your magical power is your life essence.
You have superior vitality. (+4 MHP)


Message History

The mystic blast hits the gargoyle but does no damage.
The gargoyle is almost destroyed.
The mystic blast hits the wraith!
The wraith is severely damaged.
The wraith is knocked back by the mystic blast.
The centaur warrior shoots an arrow.
You block the arrow. The gargoyle closely misses you.
The centaur warrior shoots an arrow.
The arrow hits you but does no damage.
Casting: Iskenderun's Mystic Blast (safe; 1% risk of failure)
Confirm with . or Enter, or press ? or * to list all spells.
You erupt in a blast of force!
The mystic blast hits the gargoyle!
You destroy the gargoyle!
The mystic blast hits the wraith!
You destroy the wraith!
The centaur warrior shoots an arrow.
You block the arrow.
The centaur warrior shoots an arrow.
The arrow hits you.
* * * LOW HITPOINT WARNING * * *
Casting: Iskenderun's Mystic Blast (safe; 1% risk of failure)
Confirm with . or Enter, or press ? or * to list all spells.
Aiming: Fulminant Prism (safe; 1% risk of failure)
Press: ? - help, Dir - move target, f - centaur warrior
Aim: a centaur warrior, wielding a +0 longbow and quivering arrows (lightly wounded)
Okay, then.
Unknown command.
The centaur warrior shoots an arrow.
The arrow hits you!
* * * LOW HITPOINT WARNING * * *
The centaur warrior shoots an arrow.
You block the arrow.
The centaur warrior shoots an arrow.
The arrow hits you.
* * * LOW HITPOINT WARNING * * *
The centaur warrior shoots an arrow.
You block the arrow.
The centaur warrior shoots an arrow.
The arrow hits you!!
* * * LOW HITPOINT WARNING * * *
You feel much better.
The centaur warrior wields a +0 shortbow.
The centaur warrior shoots an arrow.
The arrow hits you!
* * * LOW HITPOINT WARNING * * *
The centaur warrior shoots an arrow.
The arrow hits you!
* * * LOW HITPOINT WARNING * * *
The centaur warrior shoots an arrow.
The arrow hits you!!
You die...

**
.......##..#....
, ,
*...............,
,............. *
*# ......c#..#
#.*#..#..#..# *
#. #...{.#..#
###.###.#.##..#
#.....[.#c##<.#
#.....c)...@..# *
,
,...#..c.......##
* #...(#.#######
####(#.# * .##.#
*c( <.# ,c## ###
*** * , R. , ,
*..


You could see 3 centaur warriors.

Vanquished Creatures
  Rupert (Lair:4)
  Gastronok (D:8)
  Nessos (D:13)
  Snorg (Lair:4)
  3 boulder beetles
  7 hydras
  A centaur warrior (D:13)
  4 two-headed ogres
  11 death yaks
  Urug (Lair:4)
  Nergalle (Lair:1)
  Pikel (D:9)
  A necromancer (Lair:4)
  2 lindwurms
  4 cyclopes
  An ugly thing (D:12)
  2 manticores
  9 elephants (Lair:5)
  4 black mambas
  2 gargoyles
  Maggie (D:7)
  A rime drake (Lair:5)
  12 cane toads
  A yaktaur (D:11)
  An efreet (D:13)
  9 komodo dragons
  Psyche (D:9)
  A polar bear (Lair:4)
  7 trolls
  A queen bee (Lair:4)
  3 meliai (Lair:4)
  Prince Ribbit (D:7)
  10 blink frogs
  A shadow (D:8)
  2 jumping spiders (Lair:4)
  3 wraiths
  A culicivora (shapeshifter) (D:14)
  A spriggan (D:7)
  6 basilisks
  3 wyverns
  26 yaks
  2 redbacks
  8 vampire mosquitoes
  A steam dragon (D:7)
  A warg (Orc:1)
  3 acid dragons
  21 water moccasins
  Duvessa (D:7)
  11 orc warriors
  A black bear (Lair:3)
  2 sky beasts (D:5)
  An ice beast (D:5)
  21 wolves
  An ogre (D:6)
  5 centaurs
  3 lemures (D:9)
  A phantom (D:6)
  2 kobold brigands (D:8)
  17 bullfrogs
  8 scorpions
  A gnoll sergeant (D:7)
  A wyvern zombie (D:6)
  Dowan (D:7)
  14 wights
  42 killer bees
  10 centaur zombies
  2 hounds
  2 jellies
  Crazy Yiuf (D:7)
  A gnoll shaman (D:7)
  13 orc priests
  A centaur skeleton (D:5)
  4 iguanas
  Jessica (D:3)
  Natasha (thrice) (D:2)
  9 orc wizards
  4 yak simulacra (Lair:4)
  2 polar bear simulacra (Lair:4)
  A killer bee zombie (D:4)
  2 wolf simulacra (Lair:4)
  A hound zombie (D:5)
  A hound skeleton (D:4)
  A howler monkey zombie (D:8)
  8 adders
  12 gnolls
  A river rat (Lair:4)
  2 shadow imps
  3 white imps
  A worm (D:2)
  A dart slug (D:2)
  39 orcs
  9 endoplasms
  6 giant cockroaches
  7 goblins
  7 hobgoblins
  2 quokkas
  6 ball pythons
  4 bats
  6 frilled lizards
  11 kobolds
  7 rats
  3 river rat simulacra (Lair:4)
  2 fulminant prisms
515 creatures vanquished.

Vanquished Creatures (collateral kills)
  A centaur warrior (D:13)
  A black mamba (Lair:4)
  A gargoyle (D:13)
  A yak (Lair:4)
  A centaur (D:13)
5 creatures vanquished.

Vanquished Creatures (others)
  A bush (Lair:5)
  117 fulminant prisms
  36 fungi
  30 plants
184 creatures vanquished.

Grand Total: 704 creatures vanquished

Notes
Turn   | Place    | Note
-------+----------+-------------------------------------------
     0 | D:1      | porpoise the Djinni Conjurer began the quest for the Orb.
     0 | D:1      | Reached XP level 1. HP: 15/15 MP: 0/0
   111 | D:1      | Found a faded altar of an unknown god.
   308 | D:1      | Reached XP level 2. HP: 19/22 MP: 0/0
   440 | D:1      | Reached skill level 1 in Fighting
   734 | D:1      | Reached XP level 3. HP: 26/27 MP: 0/0
   734 | D:1      | Learned a level 1 spell: Summon Small Mammal
  1602 | D:2      | Reached XP level 4. HP: 28/33 MP: 0/0
  1693 | D:2      | Reached skill level 2 in Fighting
  2245 | D:2      | Noticed Natasha
  2255 | D:2      | Killed Natasha
  2256 | D:2      | Reached XP level 5. HP: 15/39 MP: 0/0
  2256 | D:2      | Learned a level 2 spell: Wereblood
  2275 | D:2      | Noticed Natasha
  2288 | D:2      | Killed Natasha
  2676 | D:2      | Noticed Natasha
  2684 | D:2      | Killed Natasha
  2685 | D:2      | Reached skill level 3 in Fighting
  2954 | D:3      | Noticed Jessica
  2967 | D:3      | Killed Jessica
  2968 | D:3      | Reached XP level 6. HP: 44/46 MP: 0/0
  4013 | D:4      | Upgraded the game from 0.28-a0-1524-ge72afd5fc6 to
                  | 0.28-a0-1555-g9ae15a6949
  4386 | D:4      | Reached skill level 4 in Fighting
  4386 | D:4      | Reached XP level 7. HP: 37/52 MP: 0/0
  4386 | D:4      | Learned a level 2 spell: Ensorcelled Hibernation
  4779 | D:4      | Found Ruiso's Antique Weapon Shoppe.
  4790 | D:4      | Bought a hunting sling for 28 gold pieces
  5201 | D:5      | Entered Level 5 of the Dungeon
  5240 | D:5      | Found Poomui's Antique Armour Shop.
  5243 | D:5      | Bought an embroidered hat for 126 gold pieces
  5464 | D:5      | Found a runed translucent door.
  5662 | D:5      | Reached skill level 5 in Spellcasting
  5669 | D:5      | Reached skill level 5 in Fighting
  5669 | D:5      | Reached XP level 8. HP: 47/59 MP: 0/0
  5903 | D:5      | Noticed psuckher's ghost (weakling BaDe)
  7420 | D:6      | Found an opulent altar of Gozag.
  7433 | D:6      | Reached skill level 6 in Fighting
  7944 | D:6      | Reached XP level 9. HP: 56/67 MP: 0/0
  7944 | D:6      | Learned a level 4 spell: Animate Dead
  8384 | D:7      | Noticed Maggie
  8399 | D:7      | Killed Maggie
  8400 | D:7      | Reached skill level 7 in Fighting
  8687 | D:7      | Reached skill level 5 in Stealth
  8966 | D:7      | Found a staircase to the Ecumenical Temple.
  9437 | D:7      | Noticed Duvessa
  9437 | D:7      | Noticed Dowan
  9445 | D:7      | Killed Duvessa
  9446 | D:7      | Reached skill level 8 in Fighting
  9454 | D:7      | Killed Dowan
  9943 | D:7      | Found a runed translucent door.
  9944 | D:7      | Noticed Crazy Yiuf
 10032 | Temple   | Entered the Ecumenical Temple
 10188 | Temple   | Became a worshipper of Ashenzari the Shackled
 10407 | D:7      | Killed Crazy Yiuf
 10609 | D:7      | Noticed Prince Ribbit
 10767 | D:7      | Killed Prince Ribbit
 10768 | D:7      | Reached skill level 9 in Fighting
 10768 | D:7      | Reached skill level 1 in Evocations
 10768 | D:7      | Reached XP level 10. HP: 71/78 MP: 0/0
 11459 | D:8      | Noticed Gastronok
 11490 | D:8      | Killed Gastronok
 11491 | D:8      | Reached skill level 5 in Dodging
 11944 | D:8      | Reached skill level 5 in Evocations
 12489 | D:8      | Found the +9 staff of Olgreb {rPois∞}
 12491 | D:8      | Found a runed translucent door.
 12496 | D:8      | Found a runed translucent gate.
 12496 | D:8      | Found a runed translucent gate.
 12765 | D:8      | Found a runed translucent gate.
 13097 | D:8      | Found Wufemy's Distillery.
 13103 | D:8      | Bought a potion of heal wounds for 75 gold pieces
 13204 | D:8      | Found a runed translucent door.
 13229 | D:8      | Reached XP level 11. HP: 69/85 MP: 0/0
 13229 | D:8      | Learned a level 5 spell: Fireball
 13232 | D:8      | Reached skill level 10 in Fighting
 13956 | D:9      | Found a staircase to the Orcish Mines.
 14031 | D:9      | Noticed Psyche
 14086 | D:9      | Noticed a two-headed ogre
 14105 | D:9      | Reached skill level 11 in Fighting
 14105 | D:9      | Killed a two-headed ogre
 14228 | D:9      | Killed Psyche
 14427 | D:9      | Noticed Pikel
 14572 | D:9      | Killed Pikel
 15326 | Orc:1    | Entered Level 1 of the Orcish Mines
 16426 | Orc:1    | Found a bloodstained altar of Trog.
 16593 | D:10     | Entered Level 10 of the Dungeon
 16763 | D:10     | Noticed a two-headed ogre
 16773 | D:10     | Killed a two-headed ogre
 16817 | D:10     | Reached skill level 12 in Fighting
 16817 | D:10     | Reached skill level 1 in Slings
 16817 | D:10     | Reached XP level 12. HP: 80/95 MP: 0/0
 16960 | D:10     | Reached skill level 1 in Armour
 17420 | D:10     | Noticed dolemite99's ghost (journeyman HOFi)
 17421 | D:10     | Noticed a centaur warrior
 17430 | D:10     | Noticed a two-headed ogre
 17447 | D:10     | Found a transporter.
 17449 | D:10     | Found a transporter.
 18059 | D:11     | Noticed a boulder beetle
 18069 | D:11     | Killed a boulder beetle
 18140 | D:11     | Reached * piety under Ashenzari
 18836 | D:11     | Found a staircase to the Lair.
 18882 | Lair:1   | Entered Level 1 of the Lair of Beasts
 18900 | Lair:1   | Reached skill level 5 in Armour
 18900 | Lair:1   | Noticed a six-headed hydra
 18907 | D:11     | Killed a six-headed hydra
 18957 | Lair:1   | Noticed an eight-headed hydra
 18967 | D:11     | Killed an eight-headed hydra
 19064 | Lair:1   | Noticed Nergalle
 19072 | Lair:1   | Killed Nergalle
 19214 | Lair:1   | Reached XP level 13. HP: 87/103 MP: 0/0
 19214 | Lair:1   | Learned a level 5 spell: Summon Mana Viper
 19274 | Lair:1   | Noticed a five-headed hydra
 19383 | Lair:1   | Killed a five-headed hydra
 20361 | Lair:2   | Noticed an eight-headed hydra
 20369 | Lair:2   | Killed an eight-headed hydra
 20370 | Lair:2   | Reached skill level 13 in Fighting
 20427 | Lair:2   | Reached skill level 10 in Spellcasting
 21606 | Lair:3   | Reached ** piety under Ashenzari
 21679 | Lair:3   | Noticed a six-headed hydra
 21693 | Lair:3   | Killed a six-headed hydra
 21938 | Lair:3   | Found a staircase to the Swamp.
 22352 | Lair:3   | Reached *** piety under Ashenzari
 23041 | Lair:4   | Reached skill level 1 in Shields
 23237 | Lair:4   | Reached skill level 14 in Fighting
 23237 | Lair:4   | Reached XP level 14. HP: 113/117 MP: 0/0
 23421 | Lair:4   | Noticed Rupert
 23437 | Lair:4   | Paralysed by Rupert for 2 turns
 23442 | Lair:4   | Killed Rupert
 23697 | Lair:4   | Noticed Snorg
 23710 | Lair:4   | Killed Snorg
 24065 | Lair:4   | Reached skill level 5 in Shields
 24161 | Lair:4   | Found a hole to the Spider Nest.
 24445 | Lair:4   | Noticed Urug
 24463 | Lair:4   | Killed Urug
 25053 | Lair:5   | Reached skill level 15 in Fighting
 25741 | Lair:5   | Reached XP level 15. HP: 117/126 MP: 0/0
 25741 | Lair:5   | Learned a level 6 spell: Death Channel
 27735 | D:13     | Noticed Nessos
 27759 | D:13     | Killed Nessos
 27854 | D:13     | Found Bengux's Assorted Antiques.
 28049 | D:13     | Found Roshrutei's Jewellery Shop.
 28333 | D:13     | Found Susuph's Book Emporium.
 28559 | D:13     | Identified the +7 trident of Kismet {flame, Dex+4}
 28604 | D:13     | Found Vepuoc's Armour Emporium.
 28607 | D:13     | Upgraded the game from 0.28-a0-1555-g9ae15a6949 to
                  | 0.28-a0-1567-g1695149f81
 28839 | D:14     | HP: 4/126 [centaur warrior/arrow (20)]
 28840 | D:14     | Shot with an arrow by a centaur warrior

Illustrated notes

Levels and vault maps discovered:
D:1:      eino_arrival_cavern_c, layout_basic,
          shapermc_ecumenical_altar_starsandcircs, minmay_misc_feat_rows,
          minmay_tripent
D:2:      minmay_inner_zag, layout_basic, minmay_hedge_maze, feat_on_display,
          uniq_natasha
D:3:      layout_loops_ring, serial_glass, glass_columns_a, glass_columns_a,
          glass_columns_b, glass_columns_a, glass_columns_c, glass_columns_a,
          minmay_strange_pillars, uniq_jessica
D:4:      layout_gridville, serial_shops, nicolae_shop_hallway_plus
D:5:      layout_basic, serial_shops, nicolae_stop_n_shop_2,
          ebering_ghost_reflecting_pool, nicolae_sextant
D:6:      layout_loops_cross, mainiacjoe_overflow_six_doors_small
D:7:      layout_loops_ring, minmay_temple_entry_statues, the_hattery,
          uniq_duvessa, uniq_crazy_yiuf_cottage, uniq_prince_ribbit1,
          uniq_maggie
D:8:      layout_basic, serial_shops, shop,
          minmay_guarded_unrand_staff_of_olgreb, uniq_gastronok
D:9:      layout_irregular_city, david_orc_3, uniq_pikel, uniq_psyche
D:10:     layout_basic, nzn_ghost_randoct, fungi_pond_lemuel,
          kennysheep_generic_room_7
D:11:     layout_basic, lair_entry_dummy
D:12:     layout_cave_pods
D:13:     layout_cross, serial_shops, nicolae_shop_window_shopping,
          nicolae_diamond_shop, nicolae_shop_hallway_stairs, nicolae_shop_stone,
          feat_on_display, uniq_nessos
D:14:     minmay_expanding_squares, layout_loops_cross, david_vaults_1,
          nicolae_tso_carved_into_rock
Temple:   mainiacjoe_temple_hex_bubbles
Lair:1:   layout_cave_shapes, grunt_megastairs_5, serial_bayou_shore_b,
          uniq_nergalle
Lair:2:   layout_concentric_octagons, beast_lair_carwin_10
Lair:3:   layout_cave_pods, swamp_mist
Lair:4:   regret_index_tunnel_blossom, layout_long_grid, spider_nest_entry_a,
          eino_house_with_fridge, uniq_snorg, uniq_rupert, uniq_urug
Lair:5:   layout_cellular_growth
Orc:1:    layout_caves, basic_altar

Skill      XL: |  1  2  3  4  5  6  7  8  9 10 11 12 13 14 15 |
---------------+----------------------------------------------+-----
Fighting       | 1 2 3 4 5 6 9 12 14 15 | 15.6
Stealth        | 2 3 4 5 6 |  6.6
Spellcasting   | 4 5 6 7 8 9 10 11 | 11.6
Evocations     | 1 5 6 |  6.5
Dodging        | 6 7 8 |  8.0
Slings         | 1 3 |  3.2
Armour         | 5 7 |  7.5
Shields        | 2 5 6 |  6.2

Action                   |  1- 3 |  4- 6 |  7- 9 | 10-12 | 13-15 || total
-------------------------+-------+-------+-------+-------+-------++-------
Melee: Staff             |       |       |       |       |    26 ||    26
 Fire: Hunting sling     |       |       |    59 |   156 |   235 ||   450
 Cast: Magic Dart        |    52 |    16 |     3 |       |     1 ||    72
       Searing Ray       |     6 |    31 |    57 |    83 |    81 ||   258
       Fulminant Prism   |       |     1 |     6 |    29 |    83 ||   119
       Iskenderun's Myst |       |       |    15 |    59 |   112 ||   186
       Dazzling Flash    |       |       |     1 |       |       ||     1
       Fireball          |       |       |       |    19 |    25 ||    44
       Summon Mana Viper |       |       |       |       |     5 ||     5
       Animate Dead      |       |       |       |       |     1 ||     1
       Death Channel     |       |       |       |       |     2 ||     2
Invok: Curse Item        |       |       |       |     2 |     3 ||     5
 Abil: Evoke the Staff o |       |       |       |     4 |       ||     4
  Use: Scroll            |       |     3 |    15 |     4 |       ||    22
       Potion            |       |       |       |       |     2 ||     2
Armor: Robe              |       |     2 |     6 |       |       ||     8
       Acid dragon scale |       |       |     2 |    15 |       ||    17
       Troll leather arm |       |       |       |    49 |    52 ||   101
Dodge: Dodged            |     1 |    10 |    60 |   189 |   164 ||   424
Block: Buckler           |       |       |       |       |    62 ||    62

Table legend: (Time is in decaauts)
 A = Elapsed time spent in this place.
 B = Non-inter-level travel time spent in this place.
 C = Inter-level travel time spent in this place.
 D = Time resting spent in this place.
 E = Time spent auto-exploring this place.
 F = Levels seen in this place.
 G = Mean time per level.
                   A        B        C        D        E       F      G
               +--------+--------+--------+--------+--------+-----+--------+
         Total |  28790 |  27783 |   1007 |  11552 |  11984 |  21 | 1371.0 |
       Dungeon |  20503 |  19711 |    792 |   8842 |   8474 |  14 | 1464.5 |
        Temple |    174 |    156 |     18 |      0 |    150 |   1 |  174.0 |
          Lair |   7184 |   7003 |    181 |   2138 |   3132 |   5 | 1436.8 |
  Orcish Mines |    928 |    914 |     14 |    572 |    228 |   1 |  928.0 |
               +--------+--------+--------+--------+--------+-----+--------+

Top non-repeatable levels by time:
     D:8: 2873 daAuts
     D:7: 2756 daAuts
  Lair:4: 2146 daAuts
     D:5: 2094 daAuts
     D:9: 1861 daAuts
  Lair:3: 1629 daAuts
     D:2: 1569 daAuts
    D:12: 1421 daAuts
     D:1: 1380 daAuts
  Lair:5: 1286 daAuts
     D:4: 1227 daAuts
    D:10: 1184 daAuts
    D:11: 1176 daAuts
  Lair:1: 1166 daAuts
     D:3: 1056 daAuts
